 Dungeon Crawl Stone Soup version 0.28-a0-834-g1a73be5ee4 (webtiles) character file.

Game seed: 13788879768707713528

56 Gargoyl the Skirmisher (level 3, -7/35 HPs)
             Began as a Gnoll Abyssal Knight on Nov 11, 2021.
             Was a Follower of Lugonu.
             Mangled by Natasha (9 damage)
             ... on level 2 of the Dungeon.
             The game lasted 00:01:52 (2139 turns).

Gargoyl the Skirmisher (Gnoll Abyssal Knight)       Turns: 2139, Time: 00:01:53

Health: -7/35      AC:  3    Str: 13    XL:     3   Next: 97%
Magic:  6/6        EV: 12    Int:  9    God:    Lugonu [*.....]
Gold:   116        SH:  0    Dex: 12    Spells: 4/4 levels left

rFire   . . .      SeeInvis .   a - +1 hand axe
rCold   . . .      Faith    .   (no shield)
rNeg    . . .      Spirit   .   b - +0 leather armour
rPois   .          Reflect  .   (no helmet)
rElec   .          Harm     .   (no cloak)
rCorr   .          Rampage  .   (no gloves)
Will    .....                   (no boots)
Stlth   +.........              (no amulet)
HPRegen 0.11/turn               (no ring)
MPRegen 0.10/turn               (no ring)

@: no status effects
A: fangs 1, strong nose, distributed training
a: Renounce Religion, Depart the Abyss


You were on level 2 of the Dungeon.
You worshipped Lugonu.
Lugonu was aware of your devotion.
You visited 1 branch of the dungeon, and saw 2 of its levels.
You visited the Abyss 1 time.

You collected 116 gold pieces.

Inventory:

Hand Weapons
 a - a +1 hand axe (weapon)
Missiles
 c - 16 poisoned darts (quivered)
Armour
 b - a +0 leather armour (worn)
Scrolls
 d - 3 scrolls of identify
 e - a scroll of teleportation
 h - 2 scrolls of fear {unknown}
 i - a scroll of fog {unknown}
Potions
 f - 2 potions of curing
 g - a potion of lignification
 j - a potion of flight {unknown}


   Skills:
 + Level 6.5 Fighting
 + Level 1.0 Short Blades
 + Level 1.0 Long Blades
 + Level 4.6 Axes
 + Level 1.0 Maces & Flails
 + Level 1.0 Polearms
 + Level 1.0 Staves
 + Level 1.0 Slings
 + Level 1.0 Bows
 + Level 1.0 Crossbows
 + Level 1.0 Throwing
 + Level 4.6 Armour
 + Level 2.7 Dodging
 + Level 1.0 Stealth
 + Level 1.0 Shields
 + Level 1.0 Unarmed Combat
 + Level 1.0 Spellcasting
 + Level 0.7 Conjurations
 + Level 0.7 Hexes
 + Level 0.7 Summonings
 + Level 0.7 Necromancy
 + Level 0.7 Translocations
 + Level 0.7 Transmutations
 + Level 0.7 Fire Magic
 + Level 0.7 Ice Magic
 + Level 0.7 Air Magic
 + Level 0.7 Earth Magic
 + Level 0.7 Poison Magic
 + Level 4.6 Invocations
 + Level 1.0 Evocations


You had 4 spell levels left.
You didn't know any spells.
Your spell library was empty.

Dungeon Overview and Level Annotations

Branches:
Dungeon (2/15)

Altars:

Annotations:
D:2 Natasha


Innate Abilities, Weirdness & Mutations

You have very sharp teeth.
Your uncanny sense of smell can sniff out nearby items.
Your experience applies equally to all skills.


Message History

You hit the rat.
You kill the rat!
Lugonu accepts your kill.
You see here a rat corpse.
Unknown command.
Natasha, Servant of Life and Death comes into view.
Unknown command.
Natasha drinks a potion.
Natasha seems to speed up.
A kobold comes into view. It is wielding a +2 whip of venom.
The goblin hits you but does no damage.
You miss the goblin.
The kobold shouts!
Natasha howls an incantation.
Natasha's front paws start to glow.
The goblin hits you but does no damage.
You hit the goblin.
The goblin is severely wounded.
The goblin misses you.
Unknown command.
You hit the goblin.
You kill the goblin!
Lugonu accepts your kill.
You closely miss Natasha. Natasha claws you!
The kobold throws a stone.
The stone hits you. Natasha misses you.
Unknown command.
Natasha claws you.
Things that are here:
a +0 dagger; a goblin corpse You closely miss Natasha.
Natasha claws you!
Natasha wildly gestures.
Natasha shimmers violently.
Natasha claws you!
* * * LOW HITPOINT WARNING * * *
Unknown command.
You hit Natasha.
Natasha is lightly wounded.
Natasha claws you.
* * * LOW HITPOINT WARNING * * *
Natasha claws you!
You die...

...######## ...'.# #........
...#.# #........ ####.##
#........ ......## #...... ∆
......># ####..... .......##
#......#
........#####...K..#############
...............h@..##..........#
...................###.#######.#
............>.†....# #.# #.#
...................# #.# #.#
###................# #.#######.#
.............###### #.........#
#####.........# #..########
#.........# #..########
#.######### #.........##


You could see Natasha (fast) and a kobold.

Vanquished Creatures
  A gnoll (D:1)
  2 dart slugs
  7 endoplasms
  2 giant cockroaches (D:1)
  4 goblins
  3 hobgoblins (D:1)
  4 jackals (D:1)
  A ball python (D:1)
  6 bats (D:1)
  2 frilled lizards
  2 kobolds
  6 rats
40 creatures vanquished.

Notes
Turn   | Place    | Note
-------+----------+-------------------------------------------
     0 | Abyss:1  | Gargoyl the Gnoll Abyssal Knight began the quest for the
                  | Orb.
     0 | Abyss:1  | Reached XP level 1. HP: 23/23 MP: 3/3
    71 | Abyss:1  | Noticed a starcursed mass
    92 | Abyss:1  | Noticed a tentacled starspawn
    99 | D:1      | Escaped the Abyss
   585 | D:1      | Reached XP level 2. HP: 29/29 MP: 5/5
   877 | D:1      | Reached * piety under Lugonu
   878 | D:1      | Reached XP level 3. HP: 23/35 MP: 6/6
  1383 | D:1      | Found a faded altar of an unknown god.
  1914 | D:2      | Reached skill level 1 in Short Blades
  1914 | D:2      | Reached skill level 1 in Long Blades
  1914 | D:2      | Reached skill level 1 in Maces & Flails
  1914 | D:2      | Reached skill level 1 in Polearms
  1914 | D:2      | Reached skill level 1 in Staves
  1914 | D:2      | Reached skill level 1 in Slings
  1914 | D:2      | Reached skill level 1 in Bows
  1914 | D:2      | Reached skill level 1 in Crossbows
  1914 | D:2      | Reached skill level 1 in Throwing
  1914 | D:2      | Reached skill level 1 in Stealth
  1914 | D:2      | Reached skill level 1 in Shields
  1914 | D:2      | Reached skill level 1 in Unarmed Combat
  1914 | D:2      | Reached skill level 1 in Spellcasting
  1914 | D:2      | Reached skill level 1 in Evocations
  2131 | D:2      | Noticed Natasha
  2139 | D:2      | Mangled by Natasha

Illustrated notes

Levels and vault maps discovered:
D:1:      kennysheep_arrival_seaside, layout_basic,
          hellmonk_ecumenical_altar_heavens_door, minmay_tetromino_t4
D:2:      layout_basic, uniq_natasha, uniq_crazy_yiuf_cottage, uniq_terence

Skill      XL: |  1  2  3 |
---------------+----------+-----
Short Blades   | 1 |  1.0
Long Blades    | 1 |  1.0
Maces & Flails | 1 |  1.0
Polearms       | 1 |  1.0
Staves         | 1 |  1.0
Slings         | 1 |  1.0
Bows           | 1 |  1.0
Crossbows      | 1 |  1.0
Throwing       | 1 |  1.0
Stealth        | 1 |  1.0
Shields        | 1 |  1.0
Unarmed Combat | 1 |  1.0
Spellcasting   | 1 |  1.0
Evocations     | 1 |  1.0
Fighting       | |  6.5
Axes           | |  4.6
Armour         | |  4.6
Dodging        | |  2.7
Conjurations   | |  0.7
Hexes          | |  0.7
Summonings     | |  0.7
Necromancy     | |  0.7
Translocations | |  0.7
Transmutations | |  0.7
Fire Magic     | |  0.7
Ice Magic      | |  0.7
Air Magic      | |  0.7
Earth Magic    | |  0.7
Poison Magic   | |  0.7
Invocations    | |  4.6

Action                   || total
-------------------------++-------
Melee: Hand axe          ||    94
       Bite              ||    10
Invok: Depart the Abyss  ||     1
  Use: Scroll            ||     3
Armor: Leather armour    ||    44
Dodge: Dodged            ||    71

Table legend: (Time is in decaauts)
 A = Elapsed time spent in this place.
 B = Non-inter-level travel time spent in this place.
 C = Inter-level travel time spent in this place.
 D = Time resting spent in this place.
 E = Time spent auto-exploring this place.
 F = Levels seen in this place.
 G = Mean time per level.
                   A        B        C        D        E       F      G
               +--------+--------+--------+--------+--------+-----+--------+
         Total |   2149 |   2087 |     62 |      0 |   1770 |   3 |  716.3 |
       Dungeon |   2050 |   1988 |     62 |      0 |   1700 |   2 | 1025.0 |
         Abyss |     99 |     99 |      0 |      0 |     70 |   1 |   99.0 |
               +--------+--------+--------+--------+--------+-----+--------+

Top non-repeatable levels by time:
     D:1: 1585 daAuts
     D:2: 465 daAuts
 Abyss:1: 99 daAuts
